 Dungeon Crawl Stone Soup version 0.28-a0-691-gad6df49e81 (webtiles) character file.

Game seed: 2027013147733025241

44 marklar909 the Grave Robber (level 3, -5/25 HPs)
             Began as a Palentonga Necromancer on Oct 22, 2021.
             Slain by an ogre (20 damage)
             ... on level 2 of the Dungeon.
             The game lasted 00:04:48 (1892 turns).

marklar909 the Grave Robber (PaNe)                  Turns: 1892, Time: 00:04:49

Health: -5/25      AC:  4    Str: 11    XL:     3   Next: 39%
Magic:  6/6        EV:  9    Int: 16    God:
Gold:   43         SH:  0    Dex: 10    Spells: 4/6 levels left

rFire   . . .      SeeInvis +   j - +1 hand axe (elec)
rCold   . . .      Faith    .   (no shield)
rNeg    . . .      Spirit   .   a - +0 robe
rPois   .          Reflect  .   (no helmet)
rElec   .          Harm     .   (no cloak)
rCorr   .          Rampage  .   (no gloves)
Will    .....                   (no barding)
Stlth   +.........              (no amulet)
HPRegen 0.08/turn               (no ring)
MPRegen 0.10/turn               (no ring)

@: no status effects
A: large, rugged brown scales 3, see invisible, deformed body, roll 1, armoured
tail
a: Rolling Charge


You were on level 2 of the Dungeon.
You visited 1 branch of the dungeon, and saw 2 of its levels.

You collected 43 gold pieces.

Inventory:

Hand Weapons
 j - a +1 hand axe of electrocution (weapon)
Missiles
 h - 15 poisoned darts
Armour
 a - a +0 robe (worn)
Scrolls
 b - 3 scrolls of teleportation {unknown}
 c - a scroll of enchant weapon {unknown}
 d - a scroll of enchant armour {unknown}
 e - 2 scrolls of identify {unknown}
 f - a scroll of fear {unknown}
Potions
 g - a potion of flight {unknown}
 i - a potion of lignification {unknown}


   Skills:
 + Level 0.1 Fighting
 + Level 1.7 Dodging
 + Level 1.3 Stealth
 + Level 0.2 Unarmed Combat
 + Level 2.4 Spellcasting
 + Level 4.7 Necromancy


You had 4 spell levels left.
You knew the following spells:

 Your Spells              Type           Power      Damage    Failure   Level
a - Pain                  Necr           68%        1d7       3%          1
b - Animate Skeleton      Necr           34%        N/A       3%          1

Your spell library contained the following spells:

 Spells                   Type           Power      Damage    Failure   Level
 Vampiric Draining        Necr           8%         2d7       9%          3
 Shock                    Conj/Air       4%         1d3       21%         1
 Animate Dead             Necr           8%         N/A       28%         4
 Swiftness                Air            1%         N/A       52%         3
 Airstrike                Air            0%         N/A       89%         4
 Agony                    Necr           17%        N/A       63%         5


Dungeon Overview and Level Annotations

Branches:
Dungeon (2/15)

Altars:


Innate Abilities, Weirdness & Mutations

You are completely covered in rugged brown scales. (AC +3, +7% HP)
You have supernaturally acute eyesight. (SInv)
Armour fits poorly on your strangely shaped body.
You can roll at nearby foes to attack.
You have a long armoured tail.


Message History

Magic restored.
An ogre is nearby!
An ogre is nearby!
Throw: 19 darts (poison)
Press: ? - help, Shift-Dir - straight line, f/p - ogre
Aim: an ogre, wielding a +0 giant spiked club (moderately wounded, 71% to hit)
You throw a poisoned dart. The poisoned dart hits the ogre.
The ogre is poisoned.
The ogre is moderately wounded.
Throw: 18 darts (poison)
Press: ? - help, Shift-Dir - straight line, f/p - ogre
Aim: an ogre, wielding a +0 giant spiked club (moderately wounded, poisoned, 71% to hit)
You throw a poisoned dart.
The poisoned dart barely misses the ogre.
There is an open door here.
The ogre looks more healthy.
You see here a +0 dagger.
Okay, then.
Okay, then.
Throw: 17 darts (poison)
Press: ? - help, Shift-Dir - straight line, f/p - ogre
Aim: an ogre, wielding a +0 giant spiked club (heavily wounded, 71% to hit)
You throw a poisoned dart.
The poisoned dart barely misses the ogre.
There is an open door here.
Throw: 16 darts (poison)
Press: ? - help, Shift-Dir - straight line, f/p - ogre
Aim: an ogre, wielding a +0 giant spiked club (heavily wounded, 71% to hit)
You throw a poisoned dart. The poisoned dart hits the ogre.
The ogre is poisoned.
The ogre is heavily wounded.
The ogre looks more healthy.
Things that are here:
a +0 club; a kobold skeleton You see here a poisoned dart.
You see here a poisoned dart.
There is an open door here.
The ogre hits you with a +0 giant spiked club!!
Ouch! That really hurt!
You die...

#.#......# ##...##### ..
##.## .. ##.#### ##+## #.
#.....# ##...## #.
#..##.# ##....<## #.##
#..#..# ##.......## #...
#.#)..####.........####..
#.......@O..............)
#..<..####.......[)#####.
#.....# ##......(.#.).#.
#####.# ##.>.....#...#.
#(# ##.....(#...#. #.#
##+..##(###.# #.#
##...#.#...#. #.#
##..##.##...##
#...#.#..(....


You could see an ogre.

Vanquished Creatures
  An orc (D:2)
  4 ball pythons
  4 endoplasms (D:1)
  3 giant cockroaches (D:1)
  4 goblins
  5 hobgoblins
  3 quokkas (D:1)
  6 bats
  2 kobolds (D:1)
  3 rats (D:2)
35 creatures vanquished.

Vanquished Creatures (collateral kills)
  A goblin (D:2)
  A kobold (D:2)
2 creatures vanquished.

Grand Total: 37 creatures vanquished

Notes
Turn   | Place    | Note
-------+----------+-------------------------------------------
     0 | D:1      | marklar909 the Palentonga Necromancer began the quest for
                  | the Orb.
     0 | D:1      | Reached XP level 1. HP: 13/13 MP: 3/3
   524 | D:1      | Found a faded altar of an unknown god.
   528 | D:1      | Reached XP level 2. HP: 17/20 MP: 1/5
   876 | D:1      | Learned a level 1 spell: Animate Skeleton
  1210 | D:1      | Reached XP level 3. HP: 20/25 MP: 0/6
  1702 | D:2      | Noticed an ogre
  1892 | D:2      | Slain by an ogre

Illustrated notes

Levels and vault maps discovered:
D:1:      minmay_arrival_up_and_down, layout_basic,
          hellmonk_ecumenical_altar_slurped_away, minmay_hexomino_f4
D:2:      layout_loops_corners, serial_undead, serial_undead_e, serial_undead_a,
          serial_undead_c, serial_undead_b, minmay_misc_feat_pillars,
          minmay_misc_feat_more_columns, minmay_vboxes

Action                   || total
-------------------------++-------
Melee: Unarmed           ||     4
       Tailslap          ||     1
       Long sword        ||    22
       Hand axe          ||     6
Throw: Dart              ||     4
 Cast: Pain              ||    45
       Animate Skeleton  ||     8
 Stab: Sleeping          ||     2
Armor: Robe              ||    24
Dodge: Dodged            ||    42

Table legend: (Time is in decaauts)
 A = Elapsed time spent in this place.
 B = Non-inter-level travel time spent in this place.
 C = Inter-level travel time spent in this place.
 D = Time resting spent in this place.
 E = Time spent auto-exploring this place.
 F = Levels seen in this place.
 G = Mean time per level.
                   A        B        C        D        E       F      G
               +--------+--------+--------+--------+--------+-----+--------+
         Total |   1902 |   1878 |     24 |    416 |    948 |   2 |  951.0 |
       Dungeon |   1902 |   1878 |     24 |    416 |    948 |   2 |  951.0 |
               +--------+--------+--------+--------+--------+-----+--------+

Top non-repeatable levels by time:
     D:1: 1469 daAuts
     D:2: 432 daAuts
